AoeStats
← Seeker

MegaRandom

505354863Analyzed
3v3 RM · 22d ago on Sep 9, 2026· 42m 32s· 6 players
Game mode
Random Map
Map size
Normal (6 player)
Population
200
Speed
Normal
Resources
Standard
Victory
Conquest
Starting age
Dark Age
Ending age
Imperial Age
RankedLock teamsTeams togetherTeam positionsShared explorationLock speedFull tech treeHidden civsTurbo modeCheats
Victory
Defeat
🇺🇸 Bengalis · United States
1255
+8
🇨🇦 Goths · Canada
1169
+11
🇳🇿 Shu · New Zealand
1115
+14
🇨🇱 Tupi · Chile
1100
-12
1094
-12
🇨🇱 Ethiopians · Chile
1006
-9
ap2wang
0:27 Loom
9:01 Feudal Age
18:22 Castle Age
18:23 Crossbowman
26:02 Man-at-Arms
27:45 Horse Collar
29:19 Heavy Plow
34:09 Wheelbarrow
37:23 Imperial Age
35:06 Double-Bit Axe
37:30 Long Swordsman
38:11 Scale Mail Armor
38:22 Forging
38:38 Two-Handed Swordsman
39:34 Chain Mail Armor
40:08 Perfusion
40:45 Iron Casting
39:32 Champion
41:57 Squires
43:44 Blast Furnace
Wendle
3:55 Loom
12:19 Feudal Age
13:26 Town Watch
16:15 Castle Age
14:02 Double-Bit Axe
15:27 Horse Collar
16:23 Stone Mining
18:12 Wheelbarrow
18:23 Gold Mining
18:45 Bow Saw
22:32 Padded Archer Armor
25:26 Leather Archer Armor
26:41 Hand Cart
31:57 Imperial Age
29:22 Fletching
29:53 Fishing Lines
30:36 Bloodlines
30:27 Husbandry
31:31 Paiks
32:14 Ballistics
33:21 Ring Archer Armor
33:42 Conscription
33:29 Bodkin Arrow
35:05 Chemistry
35:43 Two-Man Saw
35:22 Gold Shaft Mining
35:55 Elite Ratha (Ranged)
36:51 Bracer
36:58 Scale Barding Armor
38:42 Forging
42:50 Iron Casting
Wrecking Ball Paul
8:55 Loom
11:00 Feudal Age
13:58 Double-Bit Axe
14:36 Fletching
16:07 Gold Mining
19:45 Horse Collar
23:36 Castle Age
23:40 Crossbowman
35:33 Stone Mining
39:07 Imperial Age
Seeker
12:42 Feudal Age
20:13 Castle Age
20:01 Double-Bit Axe
21:36 Bow Saw
23:41 Fletching
25:54 Bodkin Arrow
32:41 Horse Collar
32:45 Fishing Lines
34:46 Padded Archer Armor
36:26 Wheelbarrow
37:37 Gillnets
41:09 Imperial Age
38:27 Loom
38:53 Champi Runner
39:36 Squires
39:42 Scale Mail Armor
40:18 Gold Mining
41:30 Ballistics
41:19 Heavy Plow
PotroLeyan
2:49 Loom
13:53 Feudal Age
16:31 Double-Bit Axe
16:31 Horse Collar
19:54 Castle Age
33:23 Crossbowman
34:09 Thumb Ring
TomyShelby CABALLEROSUPERELEGANT
11:42 Feudal Age
16:47 Castle Age
19:44 Horse Collar
22:58 Fletching
24:12 Bodkin Arrow
33:51 Imperial Age
38:56 Bracer
Connection lost

Rejoining the realm…

Still unreachable

The connection could not be restored.

Session expired

The server has moved on; the page needs a fresh start.